 Dungeon Crawl Stone Soup version 0.26.0-3-g156281e41b (webtiles) character file.

Game seed: 13663191496385731376

109 trckry the Skirmisher (level 4, -7/37 HPs)
             Began as a Demonspawn Wanderer on Jan 10, 2021.
             Was a Believer of Lugonu.
             Killed by divine providence
             ... invoked by an orc priest
              (15 damage)
             ... on level 3 of the Dungeon.
             The game lasted 00:04:51 (2297 turns).

trckry the Skirmisher (Demonspawn Wanderer)         Turns: 2297, Time: 00:04:52

Health: -7/37      AC: 10    Str: 14    XL:     4   Next: 59%
Magic:  0/5        EV:  3    Int: 11    God:    Lugonu [**....]
Gold:   110        SH:  7    Dex: 14    Spells: 3/3 levels left

rFire    + . .     SeeInvis .   a - +2 hand axe
rCold    . . .     Faith    .   h - +0 kite shield
rNeg     . . .     Spirit   +   n - +0 chain mail
rPois    .         Reflect  .   (no helmet)
rElec    .         Harm     .   (no cloak)
rCorr    .         Rampage  .   (no gloves)
Will     .....                  (no boots)
Stlth    ..........             (no amulet)
HPRegen  0.12/turn              (no ring)
MPRegen  0.09/turn              (no ring)

@: no status effects
A: molten scales 1, fire resistance 1, magic shield
a: Renounce Religion, Depart the Abyss, Bend Space


You were on level 3 of the Dungeon.
You worshipped Lugonu.
Lugonu was pleased with you.
You visited 1 branch of the dungeon, and saw 3 of its levels.

You collected 110 gold pieces.

Inventory:

Hand Weapons
 a - a +2 hand axe (weapon)
 b - a +0 short sword
Armour
 h - a +0 kite shield (worn)
 n - a +0 chain mail (worn)
Wands
 c - a wand of random effects (10) (quivered)
Scrolls
 e - a scroll of amnesia {unknown}
 g - a scroll of enchant armour {unknown}
 j - 3 scrolls of magic mapping {unknown}
 l - 3 scrolls of remove curse {unknown}
 q - 2 scrolls of identify {unknown}
 r - 3 scrolls of enchant weapon {unknown}
Potions
 d - a potion of lignification {unknown}
 f - a potion of attraction {unknown}
 i - 2 potions of invisibility {unknown}
 k - a potion of brilliance {unknown}
 m - 2 potions of curing {unknown}
 o - a potion of degeneration {unknown}
 p - a potion of ambrosia {unknown}
 s - a potion of resistance {unknown}


   Skills:
 + Level 4.2 Fighting
 - Level 1.0 Short Blades
 * Level 2.1 Axes
 + Level 1.4 Throwing
 + Level 1.5 Armour
 - Level 1.0 Stealth
 + Level 1.0 Shields
 * Level 2.1 Invocations
 + Level 1.8 Evocations


You had 3 spell levels left.
You didn't know any spells.
Your spell library was empty.

Dungeon Overview and Level Annotations

Branches:
Dungeon (3/15)

Altars:
Lugonu


Innate Abilities, Weirdness & Mutations

You are partially covered in molten scales. (AC +2)
Your flesh is heat resistant. (rF+)
When hurt, damage is shared between your health and your magic reserves.


Message History

Aim: an orc priest, wielding a +0 dagger (misshapen and mutated)
The orc priest seems to speed up.
The orc priest hits you but does no damage. x2
Evoke which item? (* to show all) (? for menu, Esc to quit)
Aiming: Random Effects
Press: ? - help, Shift-Dir - straight line, f/p - orc priest
Aim: an orc priest, wielding a +0 dagger (fast, misshapen and mutated)
The orc priest flickers and vanishes!
Deactivating autopickup; reactivate with Ctrl-A.
Something hits you but does no damage.
Evoke which item? (* to show all) (? for menu, Esc to quit)
Aiming: Random Effects
Press: ? - help, Shift-Dir - straight line Something hits you but does no damage.
You block something's attack.
You miss something.
Something hits you but does no damage. x2
You closely miss something. You block something's attack.
You hit something. Something hits you but does no damage.
You hear something invoke the aid of Beogh against you.
Beogh smites you!
You die...

###### #....##### #........#
#....♣...# #...♣.♣..# #######
#..♣._.♣.## ######......
#...♣.♣...# #.........##
#....♣....#########.........##
#...........{@)...'.........''
#..##.....#########.........##
##.##.###.# #.†..........##
#.##)#...######.##...........
#>....o.............(...#+#.#
######.########.###.#...# #.#
.... #.....###.# #.# ....o..
....... .... ..
o.o.................


There were no monsters in sight!

Vanquished Creatures
  5 adders
  An ooze (D:1)
  3 worms (D:2)
  A dart slug (D:2)
  2 leopard geckos
  4 orcs (D:3)
  A ball python (D:2)
  A giant cockroach (D:2)
  2 goblins
  5 hobgoblins
  13 bats
  A frilled lizard (D:1)
  4 kobolds
  5 rats
48 creatures vanquished.

Notes
Turn   | Place    | Note
-------+----------+-------------------------------------------
     0 | D:1      | trckry the Demonspawn Wanderer began the quest for the Orb.
     0 | D:1      | trckry set off with the following items: a +2 hand axe, a
                  | +0 short sword, a wand of random effects (15), a +0 robe
     0 | D:1      | Reached XP level 1. HP: 19/19 MP: 1/1
   612 | D:1      | Gained mutation: Your flesh is heat resistant. (rF+)
                  | [demonic ancestry]
   612 | D:1      | Reached XP level 2. HP: 22/25 MP: 2/2
   729 | D:1      | Reached skill level 1 in Invocations
   979 | D:2      | Gained mutation: You are partially covered in molten
                  | scales. (AC +2) [demonic ancestry]
   979 | D:2      | Reached XP level 3. HP: 15/30 MP: 4/4
  1676 | D:2      | Gained mutation: When hurt, damage is shared between your
                  | health and your magic reserves. [demonic ancestry]
  1676 | D:2      | Reached XP level 4. HP: 37/37 MP: 5/5
  2221 | D:3      | Reached skill level 1 in Shields
  2240 | D:3      | Found a faded altar of an unknown god.
  2254 | D:3      | Became a worshipper of Lugonu the Unformed
  2254 | D:3      | Reached * piety under Lugonu
  2254 | D:3      | Reached ** piety under Lugonu
  2297 | D:3      | Killed from afar by an orc priest

Illustrated notes

Levels and vault maps discovered:
D:1:      heliophobic_arrival_henge, layout_loops_ring
D:2:      layout_loops_ring, grunt_ministairs_3
D:3:      layout_basic, chequers_ecumenical_altar_simple_redux,
          gup_sewer_entry_bowl, grunt_decor_one_mirror

Skill      XL: |  1  2  3  4 |
---------------+-------------+-----
Invocations    | 1 2 |  2.1
Axes           | 2 |  2.1
Shields        | 1 |  1.0
Fighting       | |  4.2
Short Blades   | |  1.0
Throwing       | |  1.4
Armour         | |  1.5
Stealth        | |  1.0
Evocations     | |  1.8

Action                   |  1- 3 |  4- 6 || total
-------------------------+-------+-------++-------
Melee: Hand axe          |   125 |    66 ||   191
Evoke: Wand              |       |     5 ||     5
 Stab: Sleeping          |     2 |       ||     2
Armor: Robe              |    39 |       ||    39
       Chain mail        |    43 |    45 ||    88
Dodge: Dodged            |    35 |    12 ||    47
Block: Kite shield       |    48 |    33 ||    81
